 Dungeon Crawl Stone Soup version 0.27.0-1-g7a089689b8 (webtiles) character file.

Game seed: 1791407292749352356

47689 Gnirx the Fighter (level 14, -5/133 HPs)
             Began as a Minotaur Berserker on Aug 15, 2021.
             Was the Champion of Trog.
             Slain by an Executioner (8 damage)
             ... on level 3 of the Abyss.
             The game lasted 00:48:16 (27261 turns).

Gnirx the Fighter (Minotaur Berserker)             Turns: 27261, Time: 00:48:16

Health: -5/133     AC: 23    Str: 26    XL:     14   Next: 9%
Magic:  4/4        EV: 13    Int:  4    God:    Trog [******]
Gold:   1720       SH:  5    Dex: 15    Spells: 13/13 levels left

rFire    . . .     SeeInvis +   a - +3 great mace (antimagic)
rCold    . . .     Faith    .   (shield currently unavailable)
rNeg     . . .     Spirit   .   c - +4 plate armour {rPois}
rPois    +         Reflect  +   U - +0 hat
rElec    .         Harm     .   k - +0 cloak
rCorr    .         Rampage  .   G - +0 pair of gloves
Will     +....                  (no boots)
Stlth    ..........             e - amulet of reflection
HPRegen  0.32/turn              p - ring of see invisible
MPRegen  0.09/turn              B - +6 ring of dexterity

@: about to teleport
A: horns 2, retaliatory headbutt, clumsy 1
a: Renounce Religion, Berserk, Trog's Hand, Brothers in Arms


You were on level 3 of the Abyss.
You worshipped Trog.
Trog was exalted by your worship.
You visited 3 branches of the dungeon, and saw 18 of its levels.
You visited the Abyss 1 time.

You collected 2288 gold pieces.
You spent 568 gold pieces at shops.

Inventory:

Hand Weapons
 a - a +3 antimagic great mace (weapon)
 b - a +3 longbow of flaming
 y - the +6 broad axe "Qayru" {protect, Int+2 SInv}
   (You found it on level 3 of the Lair of Beasts)

   It grants its wielder temporary protection when it strikes (+7 to AC).
   Int:       It affects your intelligence (+2).
   SInv:      It lets you see invisible.
 H - a +0 shortbow
 R - the +7 lajatang of Order {silver, rMut}
   (Trog gifted it to you on level 4 of the Lair of Beasts)

   It inflicts extra damage upon those it strikes, and deals substantially
   increased damage to chaotic, mutated and magically transformed beings.
   rMut:      It protects you from mutation.
Missiles
 f - 236 arrows
Armour
 c - a +4 plate armour of poison resistance (worn)
 k - a +0 cloak (worn)
 G - a +0 pair of gloves (worn)
 N - a +0 buckler
 U - a +0 hat (worn)
Jewellery
 e - an amulet of reflection (around neck)
 g - an amulet of the acrobat
 m - a ring of resist corrosion
 o - a ring of positive energy
 p - a ring of see invisible (left hand)
 q - a ring of ice
 B - a +6 ring of dexterity (right hand)
 D - an amulet of reflection
 X - a ring of flight
Wands
 h - a wand of acid (7)
 I - a wand of iceblast (6)
 J - a wand of polymorph (13)
 K - a wand of digging (4)
 M - a wand of charming (10)
 Z - a wand of flame (66)
Scrolls
 l - a scroll of fog {unknown}
 n - 5 scrolls of teleportation
 r - 5 scrolls of enchant weapon
 t - 2 scrolls of immolation {unknown}
 z - a scroll of vulnerability {unknown}
 A - 2 scrolls of identify
 C - a scroll of fear {unknown}
 E - 2 scrolls of silence {unknown}
 F - a scroll of brand weapon {unknown}
 P - 6 scrolls of magic mapping {unknown}
 Q - 3 scrolls of enchant armour {unknown}
Potions
 d - 4 potions of might
 i - 9 potions of flight
 j - 2 potions of attraction
 u - 4 potions of heal wounds
 v - a potion of brilliance
 w - 5 potions of curing
 x - a potion of haste
 L - 2 potions of invisibility
 O - 2 potions of magic
 S - 3 potions of berserk rage {unknown}
 T - 7 potions of ambrosia
 V - 2 potions of lignification
 W - a potion of mutation {unknown}
Miscellaneous
 Y - a phial of floods


   Skills:
 + Level 14.7 Fighting
 + Level 14.6 Maces & Flails
 + Level 14.5 Armour
 + Level 13.4 Dodging


You had 13 spell levels left.
You didn't know any spells.
Your spell library was empty.

Dungeon Overview and Level Annotations

Branches:
Dungeon (10/15)            Temple (0/1) D:5            Lair (6/6) D:10
 Shoals (0/4) Lair:2       Spider (0/4) Lair:4          Orc (2/2) D:9
  Slime: Lair:5-6       Elf: Orc:2

Altars:
Wu Jian
Xom
Yredelemnul
Beogh

Shops:
D:1 (::*?   D:6 [   Orc:2 :

Annotations:
Lair:3 exclusion: oklob plant
Orc:1 Saint Roka


Innate Abilities, Weirdness & Mutations

You have a pair of horns on your head.
You reflexively headbutt those who attack you in melee.
You are clumsy. (Dex -2)


Message History

The Executioner hits you! The Executioner misses you.
The Executioner closely misses you.
Found 7 curare-tipped darts.
The Executioner hits you!! The Executioner hits you.
The Executioner hits you but does no damage.
The Executioner hits you! The Executioner hits you.
The Executioner hits you but does no damage.
The Executioner barely misses you.
The Executioner hits you but does no damage. x2
The Executioner hits you!
* * * LOW HITPOINT WARNING * * *
The Executioner hits you but does no damage.
You block the Executioner's attack. The Executioner hits you!
* * * LOW HITPOINT WARNING * * *
The Executioner hits you.
* * * LOW HITPOINT WARNING * * *
The Executioner hits you but does no damage. x2
The Executioner barely misses you.
The Executioner hits you but does no damage.
The Executioner hits you!
* * * LOW HITPOINT WARNING * * *
You block the Executioner's attack. The Executioner hits you.
* * * LOW HITPOINT WARNING * * *
The Executioner barely misses you. You furiously retaliate!
You headbutt the Executioner! You block the Executioner's attack.
The Executioner hits you but does no damage.
As you read the scroll of teleportation, it crumbles to dust.
You feel strangely unstable.
You feel the power of the Abyss delaying your translocation!
The Executioner closely misses you.
The Executioner hits you but does no damage.
The Executioner completely misses you. The Executioner barely misses you.
You block the Executioner's attack. The Executioner hits you.
* * * LOW HITPOINT WARNING * * *
The Executioner hits you but does no damage.
You block the Executioner's attack.
The Executioner hits you but does no damage.
The Executioner hits you!
You die...

# # . ##. . .#
###.##...##
##.#...#.#..
#..#..#....#
#.........##
#........#.#
###@###...##
#####..#1...#..#
# ..#....##...#
. #..#..#.. ..#
#...#..##..#...#
.....###.#.(.#.#
#.#...#Z#.#..#
..
#..##...#..#..#
.# #......##
#...# .


You could see an Executioner (fast).

Vanquished Creatures
  Gastronok (Lair:1)
  Nessos (Lair:4)
  4 hydras
  A two-headed ogre (D:9)
  5 death yaks
  2 orc high priests (Orc:2)
  5 deep trolls
  4 orc knights
  2 orc sorcerers
  Maurice (D:9)
  2 black mambas
  2 torpor snails
  8 cane toads
  Psyche (D:10)
  3 rime drakes
  5 komodo dragons
  A queen bee (Lair:1)
  5 trolls (D:9)
  A polar bear (Lair:4)
  Prince Ribbit (D:7)
  A hornet (D:7)
  25 blink frogs
  3 dream sheep (Lair:4)
  Sigmund (D:4)
  5 wyverns
  39 yaks
  Grum (D:8)
  Eustachio (D:4)
  A basilisk (Lair:2)
  Menkaure (D:7)
  2 wargs (Orc:1)
  17 water moccasins
  2 acid dragons
  A hornet zombie (D:8)
  26 orc warriors
  2 ice beasts
  A sky beast (D:8)
  A necrophage (D:5)
  11 ogres
  7 centaurs
  12 wolves
  3 kobold brigands
  9 bullfrogs
  A gnoll sergeant (D:7)
  4 scorpions
  19 killer bees (Lair:1)
  5 electric eels
  14 wights
  A howler monkey (D:9)
  2 jellies (D:4)
  2 centaur zombies
  5 hounds
  12 orc priests
  A bullfrog skeleton (D:6)
  A centaur skeleton (D:5)
  2 gnoll shamans
  Jessica (D:3)
  An iguana (D:5)
  19 orc wizards
  A killer bee zombie (D:8)
  A hound zombie (D:3)
  3 hound skeletons
  2 howler monkey zombies (D:8)
  Robin (D:4)
  19 gnolls
  A howler monkey skeleton (D:6)
  6 adders
  2 white imps
  An ufetubus (D:7)
  3 worms
  12 dart slugs (D:5)
  64 orcs
  5 ball pythons
  4 endoplasms
  4 giant cockroaches
  15 goblins
  8 hobgoblins
  3 jackals (D:1)
  15 kobolds
  3 quokkas
  4 bats
  5 frilled lizards
  A quokka zombie (D:3)
  7 rats
507 creatures vanquished.

Vanquished Creatures (others)
  2 orc wizards
  An orc (D:8)
  A bush (Lair:5)
  20 fungi
  47 plants
71 creatures vanquished.

Grand Total: 578 creatures vanquished

Notes
Turn   | Place    | Note
-------+----------+-------------------------------------------
     0 | D:1      | Gnirx the Minotaur Berserker began the quest for the Orb.
     0 | D:1      | Reached XP level 1. HP: 19/19 MP: 0/0
   242 | D:1      | Found Hiklal's Book Emporium.
   256 | D:1      | Found Lyxiw's Assorted Antiques.
   303 | D:1      | Reached XP level 2. HP: 24/27 MP: 1/1
   591 | D:1      | Found Omonuq's Antique Weapon Boutique.
   611 | D:1      | Found a faded altar of an unknown god.
   937 | D:1      | Found Estaeseb's Magic Scroll Boutique.
   945 | D:1      | Bought a scroll of identify for 24 gold pieces
  1315 | D:1      | Found Qilaxzof's Book Boutique.
  1470 | D:2      | Reached XP level 3. HP: 33/33 MP: 2/2
  1634 | D:2      | Reached ** piety under Trog
  1855 | D:2      | Found a shimmering altar of Xom.
  2587 | D:3      | Reached XP level 4. HP: 31/41 MP: 3/3
  2741 | D:3      | Noticed Jessica
  2747 | D:3      | Killed Jessica
  3260 | D:3      | Identified a scroll of acquirement
  3264 | D:3      | Acquired 930 gold pieces
  3296 | D:1      | Bought a glowing plate armour for 442 gold pieces
  3308 | D:1      | Bought an agate ring for 85 gold pieces
  3308 | D:1      | Bought a scroll labelled REURGHI FEODD for 17 gold pieces
  3594 | D:3      | Reached XP level 5. HP: 42/47 MP: 4/4
  3629 | D:3      | Found a basalt altar of Yredelemnul.
  3906 | D:4      | Reached skill level 5 in Fighting
  4117 | D:4      | Noticed Robin
  4118 | D:4      | Noticed an ogre
  4131 | D:4      | Killed an ogre
  4132 | D:4      | Reached skill level 5 in Maces & Flails
  4132 | D:4      | Reached XP level 6. HP: 56/56 MP: 5/5
  4138 | D:4      | Killed Robin
  4139 | D:4      | Reached *** piety under Trog
  4227 | D:4      | Noticed Sigmund
  4232 | D:4      | Killed Sigmund
  4286 | D:4      | Reached skill level 5 in Armour
  4286 | D:4      | Reached XP level 7. HP: 50/62 MP: 6/6
  4725 | D:4      | Noticed Eustachio
  4742 | D:4      | Killed Eustachio
  5075 | D:4      | Reached skill level 5 in Dodging
  5178 | D:5      | Entered Level 5 of the Dungeon
  5869 | D:5      | Reached XP level 8. HP: 71/71 MP: 7/7
  6293 | D:5      | Reached **** piety under Trog
  6559 | D:5      | Found a staircase to the Ecumenical Temple.
  6900 | D:6      | Found Cerghek's Antique Armour Shoppe.
  7803 | D:6      | Reached XP level 9. HP: 81/81 MP: 8/8
  8153 | D:7      | Noticed Menkaure
  8163 | D:7      | Killed Menkaure
  8797 | D:7      | Reached ***** piety under Trog
  9211 | D:8      | Noticed Prince Ribbit
  9242 | D:7      | Killed Prince Ribbit
  9332 | D:8      | Noticed Grum
  9351 | D:8      | Killed Grum
  9830 | D:8      | Reached XP level 10. HP: 81/91 MP: 9/9
 11049 | D:9      | Reached skill level 10 in Fighting
 11049 | D:9      | Reached skill level 10 in Maces & Flails
 12371 | D:9      | Noticed Maurice
 12371 | D:9      | Noticed a two-headed ogre
 12384 | D:9      | Killed Maurice
 12385 | D:9      | Reached skill level 10 in Armour
 12389 | D:9      | Killed a two-headed ogre
 12769 | D:9      | Found an ornate altar of the Wu Jian Council.
 13145 | D:9      | Found a staircase to the Orcish Mines.
 13263 | D:9      | Noticed a deep troll
 13263 | D:9      | Noticed a deep troll
 13264 | D:9      | Noticed a deep troll
 13326 | D:8      | Killed a deep troll
 13327 | D:8      | Reached XP level 11. HP: 18/101 MP: 10/10
 13659 | D:8      | Killed a deep troll
 13667 | D:8      | Killed a deep troll
 14033 | D:9      | Noticed a deep troll
 14053 | D:9      | Killed a deep troll
 14054 | D:9      | Reached skill level 10 in Dodging
 14113 | D:9      | Noticed a deep troll
 14123 | D:9      | Killed a deep troll
 14413 | D:10     | Entered Level 10 of the Dungeon
 14413 | D:10     | Found a staircase to the Lair.
 14415 | D:10     | Noticed Psyche
 14432 | D:10     | Killed Psyche
 14603 | D:10     | Identified the +8 rapier of the Ten Friars {vorpal, Fly
                  | rF+++ MP-9}
 14609 | D:10     | Noticed a six-headed hydra
 14729 | D:10     | Killed a six-headed hydra
 15817 | Lair:1   | Entered Level 1 of the Lair of Beasts
 15833 | Lair:1   | Noticed Gastronok
 15852 | Lair:1   | Killed Gastronok
 15853 | Lair:1   | Reached XP level 12. HP: 112/112 MP: 11/11
 16503 | Lair:1   | Reached ****** piety under Trog
 17373 | Lair:1   | Received a gift from Trog
 17716 | Lair:2   | Noticed a five-headed hydra
 17731 | Lair:2   | Killed a five-headed hydra
 18395 | Lair:2   | Found a staircase to the Shoals.
 19183 | Lair:3   | Identified the +6 broad axe "Qayru" {protect, Int+2 SInv}
 19574 | Lair:3   | Noticed a death yak
 19574 | Lair:3   | Noticed a death yak
 19574 | Lair:3   | Noticed a death yak
 19574 | Lair:3   | Noticed a death yak
 19631 | Lair:2   | Killed a death yak
 19632 | Lair:2   | Reached XP level 13. HP: 122/122 MP: 4/12
 21027 | Lair:4   | Noticed Nessos
 21922 | Lair:4   | Killed Nessos
 22260 | Lair:4   | Received a gift from Trog
 22261 | Lair:4   | Found the +7 lajatang of Order {silver, rMut}
 22726 | Lair:4   | Found a hole to the Spider Nest.
 24392 | Lair:6   | Entered Level 6 of the Lair of Beasts
 24537 | Orc:1    | Entered Level 1 of the Orcish Mines
 24936 | Orc:2    | Entered Level 2 of the Orcish Mines
 24936 | Orc:2    | Found Himnibluzu's Book Shop.
 25507 | Orc:2    | Noticed Saint Roka
 26038 | Orc:2    | Gained mutation: You are clumsy. (Dex -2) [a neqoxec]
 26190 | Orc:2    | Paralysed by an orc sorcerer for 5 turns
 26202 | Orc:2    | Reached XP level 14. HP: 127/127 MP: 4/13
 27174 | Orc:1    | Cast into level 3 of the Abyss (Saint Roka)
 27174 | Abyss:3  | Found a corrupted altar of Lugonu.
 27250 | Abyss:3  | Noticed an Executioner
 27259 | Abyss:3  | HP: 5/133 [Executioner (4)]
 27261 | Abyss:3  | Slain by an Executioner

Illustrated notes

Levels and vault maps discovered:
D:1:      dpeg_arrival_tiny_k, layout_loops_ring, shapermc_ecumenical_altar_gd,
          serial_shops, shop, nicolae_shop_behind_doors,
          nicolae_shop_temple_entry_statues_fountains, shop, nicolae_shop_trees,
          nrook_mini_vaults
D:2:      layout_basic, serial_forest, infiniplex_forest_lined_3,
          infiniplex_forest_fountain, infiniplex_forest_clump_medium,
          infiniplex_forest_lined_3_way, infiniplex_forest_lined_corner,
          infiniplex_forest_lined_1, basic_altar, minivault_24,
          serial_park_tiny_pond, minmay_misc_feat_ornament
D:3:      layout_basic, lemuel_zombie_altar_yredelemnul,
          cheibrodos_sewer_entry_bend, chequers_serial_rivers_small_b,
          uniq_jessica
D:4:      layout_gridville, minmay_cut_off, uniq_eustachio, uniq_sigmund,
          uniq_robin
D:5:      kennysheep_slugbush, layout_basic, lemuel_temple_firewalk_a
D:6:      layout_loops_corners, serial_shops, nicolae_take_the_stairs,
          dk_noncrumbling_3
D:7:      layout_basic, uniq_menkaure
D:8:      layout_rooms, minmay_joined_circles, uniq_prince_ribbit1, uniq_grum
D:9:      lemuel_troll_bridge, layout_stronghold,
          pdpol_wu_jian_five_deadly_venoms, david_orc_5, uniq_maurice
D:10:     layout_cave_pools, lair_entry_dummy, uniq_psyche
Lair:1:   layout_hall_layers, special_room [special_room_bee],
          chequers_serial_rivers_room_a, cheibrodos_lair_caveside_slide,
          chequers_serial_rivers_small_b, uniq_gastronok
Lair:2:   layout_cave_pods, minmay_shoals_entry_centaurs, grunt_megastairs_4
Lair:3:   dpeg_oklob_gauntlet, layout_long_grid, serial_bayou_shore_a,
          serial_bayou_shore_b, serial_bayou_shore_b
Lair:4:   nzn_winding_woodlands_cross [nzn_winding_woodlands_5x15_longhouse,
          nzn_winding_woodlands_5x15_jagged, nzn_winding_woodlands_5x15_garden,
          nzn_winding_woodlands_5x15_split_checker,
          nzn_winding_woodlands_15x15_thick_spiral], layout_regular_city,
          dummy_spider_entry, serial_bayou_lagoon_b, uniq_nessos
Lair:5:   layout_loops_ring, wad_woods_road_04, infiniplex_staircase_pool
Lair:6:   hellmonk_lair_end_abyssal_woods, layout_regular_city,
          minmay_slime_entry_pillars, grunt_megastairs_3
Orc:1:    lemuel_ogre_cave, layout_caves, basic_altar
Orc:2:    grunt_orc_cross, layout_caves, serial_shops, shop_statue, rock_pile,
          uniq_sonja
Abyss:3:  base: D:6, gammafunk_corrupted_shrine, gammafunk_corrupted_shrine,
          due_evilmike_abyss_rune_seething_liches

Skill      XL: |  1  2  3  4  5  6  7  8  9 10 11 12 13 |
---------------+----------------------------------------+-----
Fighting       | 4 5 6 7 9 10 12 13 14 | 14.7
Maces & Flails | 4 5 6 7 9 10 12 13 14 | 14.6
Armour         | 3 4 5 7 9 10 11 13 14 | 14.5
Dodging        | 3 4 5 6 8 9 10 12 13 | 13.4

Action                   |  1- 3 |  4- 6 |  7- 9 | 10-12 | 13-15 || total
-------------------------+-------+-------+-------+-------+-------++-------
Melee: Mace              |    82 |    93 |   112 |       |       ||   287
       Headbutt          |    13 |    15 |    69 |   149 |    85 ||   331
       Flail             |       |       |   276 |   273 |       ||   549
       Dire flail        |       |       |       |   190 |       ||   190
       Great mace        |       |       |       |   139 |   348 ||   487
 Fire: Shortbow          |       |       |       |    17 |     9 ||    26
       Longbow           |       |       |       |       |    10 ||    10
Invok: Berserk           |       |     3 |     8 |    18 |    20 ||    49
  Use: Scroll            |       |     8 |     6 |     5 |     3 ||    22
 Stab: Sleeping          |     1 |       |       |       |       ||     1
Armor: Animal skin       |     2 |       |       |       |       ||     2
       Robe              |    16 |       |       |       |       ||    16
       Plate armour      |       |    44 |   266 |   358 |   229 ||   897
       Leather armour    |       |     2 |       |       |       ||     2
Dodge: Dodged            |    71 |    27 |   188 |   343 |   263 ||   892
Block: Other             |    26 |    17 |    43 |   139 |   107 ||   332
       Reflection        |       |     1 |    11 |     7 |     5 ||    24
       Buckler           |       |       |    77 |    46 |       ||   123
